 Dungeon Crawl Stone Soup version 0.31.0-32-g396128a36d (webtiles) character file.

Game seed: 13654617948943639208

2881 cdecastro the Fighter (level 9, 0/77 (85) HPs)
             Began as an Armataur Warper on Mar 14, 2024.
             Was an Elder of Okawaru.
             Slain by a wight
             ... wielding a +2 great sword
              (6 damage)
             ... on level 9 of the Dungeon.
             The game lasted 00:18:22 (7957 turns).

cdecastro the Fighter (Armataur Warper)             Turns: 7957, Time: 00:18:23

HP:   0/77 (85)     AC: 11    Str: 18    XL:     9   Next: 48%
MP:   19/20         EV:  7    Int: 19    God:    Okawaru [****..]
Gold: 246           SH:  0    Dex: 10    Spells: 0/11 levels left

rFire   . . .        b - +3 dagger (freeze)
rCold   . . .        (no shield)
rNeg    . . .        n - +1 scale mail {rPois}
rPois   +            s - +3 helmet "Xuofum" {Rampage Int+3}
rElec   .            j - scarf {repulsion}
rCorr   .            (no gloves)
SInv    .            (no barding)
Will    .....        p - amulet of faith Stlth
                     e - ring of magical power
HPRegen 0.32/turn    v - ring of poison resistance
MPRegen 0.17/turn

%: repel missiles, roll, faith
@: drained
A: large, deformed body, tough skin 3, armoured tail, roll 2
a: Renounce Religion, Heroism, Finesse


You were on level 9 of the Dungeon.
You worshipped Okawaru.
Okawaru was greatly pleased with you.
You visited 2 branches of the dungeon, and saw 10 of its levels.

You collected 391 gold pieces.
You spent 145 gold pieces at shops.

Inventory:

Hand Weapons
 a - a +2 dagger of venom
 b - a +3 dagger of freezing (weapon)
 q - a +0 mace
 G - a +3 hand axe of freezing
Missiles
 d - 13 darts of dispersal
 i - 23 poisoned darts (quivered)
Armour
 j - a scarf of repulsion (worn)
 n - a +1 scale mail of poison resistance (worn)
 s - the +3 helmet "Xuofum" (worn) {Rampage Int+3}
   (You found it on level 3 of the Dungeon)

   Int+3:     It affects your intelligence (+3).
   Rampage:   It bestows one free step when moving towards enemies.
 t - the +0 ring mail of Joanease {rF+ Will+}
   (You found it on level 3 of the Dungeon)

   rF+:       It protects you from fire.
   Will+:     It increases your willpower.
 w - +0 steam dragon scales
Magical Staves
 x - a staff of cold
Jewellery
 e - a ring of magical power (left hand)
 p - an amulet of faith (around neck)
 v - a ring of poison resistance (right hand)
Wands
 C - a wand of polymorph (6)
Scrolls
 c - a scroll of blinking
 f - 5 scrolls of teleportation
 o - 3 scrolls of amnesia {unknown}
 y - a scroll of revelation {unknown}
 D - a scroll of fog {unknown}
 E - a scroll of poison {unknown}
 F - a scroll of vulnerability {unknown}
 H - a scroll of torment {unknown}
 I - a scroll of identify
Potions
 g - a potion of haste {unknown}
 h - 2 potions of mutation
 k - a potion of brilliance {unknown}
 l - 3 potions of enlightenment {unknown}
 m - a potion of berserk rage {unknown}
 r - 3 potions of might
 u - a potion of lignification
 z - 3 potions of curing
 A - a potion of ambrosia {unknown}
 B - a potion of resistance


   Skills:
 * Level 10.0 Fighting
 - Level 1.7 Maces & Flails
 - Level 0.8 Throwing
 - Level 1.2 Armour
 - Level 1.3 Dodging
 - Level 1.7 Spellcasting
 + Level 8.3 Translocations


You couldn't memorise any spells.
You knew the following spells:

 Your Spells              Type           Power      Damage    Failure   Level
a - Blink                 Tloc           66%        N/A       2%          2
b - Lesser Beckoning      Tloc           66%        N/A       2%          2
c - Teleport Other        Tloc           33%        N/A       5%          3
d - Manifold Assault      Tloc           33%        N/A       19%         4

Your spell library contained the following spells:

 Spells                   Type           Power      Damage    Failure   Level
 Freeze                   Ice            4%         1d3       50%         1
 Kiss of Death            Conj/Necr      4%         2d5       50%         1
 Sting                    Conj/Alch      4%         1d3       50%         1
 Mercury Vapours          Alch/Air       2%         N/A       65%         2
 Vhi's Electric Charge    Tloc/Air       34%        N/A       71%         4
 Confusing Touch          Hex            1%         N/A       86%         3
 Frozen Ramparts          Ice            2%         1d1       86%         3
 Hailstorm                Conj/Ice       1%         3d5       86%         3
 Inner Flame              Hex/Fire       1%         N/A       86%         3
 Dispel Undead            Necr           1%         3d6       99%         4
 Flame Wave               Conj/Fire      1%         2d4       99%         4
 Olgreb's Toxic Radiance  Alch           1%         N/A       99%         4
 Sticky Flame             Fire/Alch      1%         2d4       99%         4


Dungeon Overview and Level Annotations

Branches:
Dungeon (9/15)             Temple (1/1) D:7
   Lair: D:8-11         Orc: D:9-12

Altars:
Ashenzari
Cheibriados
Dithmenos
Hepliaklqana
Kikubaaqudgha
Makhleb
Okawaru
Ru
Sif Muna
Uskayaw
Xom
Zin
The Shining One

Shops:
D:8 *

Annotations:
D:6 Maggie
D:7 3 runed translucent doors, AbbaRin's ghost, novice DECj
D:8 2 transporters, Amaemon


Innate Abilities, Weirdness & Mutations

Armour fits poorly on your strangely shaped body.
You have extremely tough skin. (AC +3)
You have a long armoured tail.
You regenerate magic and health when rolling toward enemies. (Rampage Regen)


Message History

You feel drained.
The wight hits you with a +2 great sword!
You feel drained.
You hit the wight but do no damage. You punch the wight.
The wight is severely damaged.
The wight hits you with a +0 long sword.
You feel drained.
The wight hits you with a +2 great sword!
You hit the wight but do no damage. You tail-slap the wight.
You destroy the wight!
Okawaru accepts your kill.
The wight hits you with a +2 great sword!
* * * LOW HITPOINT WARNING * * *
Things that are here:
a +0 long sword; a +0 robe You hit the wight.
The wight is moderately damaged.
The wight hits you with a +2 great sword.
* * * LOW HITPOINT WARNING * * *
You hit the wight.
The wight is moderately damaged.
The wight hits you with a +2 great sword.
* * * LOW HITPOINT WARNING * * *
You feel drained.
* * * LOW HITPOINT WARNING * * *
You hit the wight but do no damage.
The wight is moderately damaged.
The wight hits you but does no damage.
You barely miss the wight. You tail-slap the wight.
The wight is severely damaged.
You hit the wight.
The wight is almost destroyed.
The wight hits you with a +2 great sword!
* * * LOW HITPOINT WARNING * * *
You hit the wight but do no damage.
You tail-slap the wight, but do no damage.
The wight is almost destroyed.
You feel like a meek peon again.
The wight hits you with a +2 great sword.
You die...

##+# # #... ..
+... ... #...
.... #.. ....#
#..##..###.....#
.......<@.......
.......z........
................
#....####.###+##
##### .# .+ .#
.#


You could see a wight.

Vanquished Creatures
  Sigmund (D:6)
  3 yaks (D:8)
  2 steam dragons (D:7)
  An orc warrior (D:8)
  2 black bears
  An ogre (D:5)
  A centaur (D:7)
  A kobold brigand (D:6)
  A bullfrog (D:6)
  2 scorpions
  6 wights
  2 howler monkeys (D:7)
  2 bombardier beetles (D:5)
  A jelly (D:5)
  5 orc priests
  2 hounds (D:5)
  A gnoll bouda (D:6)
  2 sleepcaps
  3 iguanas
  8 orc wizards
  4 adders
  10 gnolls
  2 white imps
  4 ribbon worms
  30 orcs
  6 bats
  6 endoplasms
  3 giant cockroaches
  9 goblins
  9 hobgoblins
  4 jackals (D:5)
  7 kobolds
  2 quokkas
  7 ball pythons
  4 frilled lizards
  6 rats
160 creatures vanquished.

Notes
Turn   | Place    | Note
-------+----------+-------------------------------------------
     0 | D:1      | cdecastro the Armataur Warper began the quest for the Orb.
     0 | D:1      | Reached XP level 1. HP: 17/17 MP: 3/3
    73 | D:1      | Reached skill level 2 in Fighting
   172 | D:1      | Reached XP level 2. HP: 24/24 MP: 4/4
   200 | D:1      | Found a faded altar of an unknown god.
   230 | D:1      | Prayed at the altar of an unknown god.
   230 | D:1      | Became a worshipper of the Shining One
   230 | D:1      | Reached * piety under the Shining One
   638 | D:1      | Reached XP level 3. HP: 30/30 MP: 5/5
   948 | D:2      | Reached skill level 3 in Fighting
  1391 | D:2      | Reached XP level 4. HP: 36/38 MP: 6/6
  1664 | D:3      | Found a hazy altar of Hepliaklqana.
  1760 | D:3      | Identified the +0 ring mail of Joanease {rF+ Will+}
  1857 | D:3      | Identified the +3 helmet "Xuofum" {Rampage Int+3}
  2630 | D:4      | Found a broken altar of Ashenzari.
  2897 | D:4      | Found a hide-covered altar of Uskayaw.
  3030 | D:4      | Reached skill level 4 in Fighting
  3039 | D:4      | Reached XP level 5. HP: 24/46 MP: 7/7
  3220 | D:4      | Reached ** piety under the Shining One
  3339 | D:4      | Found an iron altar of Okawaru.
  3349 | D:4      | Fell from the grace of the Shining One
  3349 | D:4      | Became a worshipper of Warmaster Okawaru
  3398 | D:4      | Learned a level 2 spell: Blink
  3401 | D:4      | Learned a level 2 spell: Lesser Beckoning
  3405 | D:4      | Learned a level 3 spell: Teleport Other
  3406 | D:5      | Entered Level 5 of the Dungeon
  3608 | D:5      | Reached XP level 6. HP: 49/55 MP: 8/8
  3763 | D:5      | Reached skill level 5 in Fighting
  3944 | D:5      | Reached skill level 5 in Translocations
  3950 | D:5      | Reached * piety under Okawaru
  3951 | D:5      | Gained mutation: You regenerate magic and health when
                  | rolling toward enemies. (Rampage Regen) [Armataur growth]
  3951 | D:5      | Reached XP level 7. HP: 33/62 MP: 9/9
  4142 | D:5      | Reached skill level 6 in Fighting
  4189 | D:5      | Found a shimmering altar of Xom.
  4875 | D:6      | Reached ** piety under Okawaru
  4876 | D:6      | Noticed Sigmund
  5011 | D:6      | Reached skill level 7 in Fighting
  5151 | D:6      | Killed Sigmund
  5152 | D:6      | Reached XP level 8. HP: 65/73 MP: 10/10
  5417 | D:6      | Reached *** piety under Okawaru
  5457 | D:6      | Noticed Maggie
  5740 | D:7      | Reached skill level 8 in Fighting
  5744 | D:7      | HP: 2/111 [centaur (4)]
  6183 | D:7      | Found a runed translucent gate.
  6183 | D:7      | Found a runed translucent gate.
  6184 | D:7      | Found a runed translucent gate.
  6185 | D:7      | Noticed AbbaRin's ghost (novice DECj)
  6315 | D:7      | Reached skill level 9 in Fighting
  6315 | D:7      | Reached XP level 9. HP: 53/83 MP: 11/11
  6319 | D:7      | Found a staircase to the Ecumenical Temple.
  6329 | Temple   | Entered the Ecumenical Temple
  6410 | Temple   | Learned a level 4 spell: Manifold Assault
  6552 | D:7      | Found an ancient bone altar of Kikubaaqudgha.
  7132 | D:8      | Found Duask's Assorted Antiques.
  7149 | D:8      | Reached **** piety under Okawaru
  7605 | D:8      | Bought 2 fizzy cyan potions for 45 gold pieces
  7605 | D:8      | Bought a scroll labelled HIZ XOIFEPT for 25 gold pieces
  7605 | D:8      | Bought a potion of curing for 75 gold pieces
  7621 | D:8      | Found a transporter.
  7639 | D:8      | Found a transporter.
  7664 | D:8      | Identified the serpent talisman "Voopun" {rN+ MP+9 Str+4}
  7867 | D:8      | Reached skill level 10 in Fighting
  7914 | D:8      | Noticed Amaemon
  7914 | D:8      | Noticed an orange demon
  7957 | D:9      | Slain by a wight

Illustrated notes

Levels and vault maps discovered:
D:1:      spicycebolla_arrival_risky_transporter, layout_loops_cross,
          hellmonk_ecumenical_altar_zigzags
D:2:      layout_basic, solitary_fountain, minmay_tiny_reverse_x
D:3:      layout_loops_corners, general_overflow_altar
D:4:      layout_loops_cross, mainiacjoe_overflow_boulevard,
          okawaru_altar_gauntlet_db, nicolae_overflow_hidden_temple,
          minivault_19
D:5:      layout_loops_ring, mainiacjoe_overflow_alcove_2,
          minmay_misc_feat_diagonals
D:6:      layout_cave_pools, mainiacjoe_overflow_paths,
          gammafunk_temple_overflow_claw, uniq_maggie, uniq_sigmund
D:7:      layout_loops_ring, kiku_gazebo_garden_becter,
          minmay_temple_entry_antechambers, ebering_ghost_rock_garden
D:8:      hellmonk_destroyed_diamonds, layout_rooms, serial_shops,
          nicolae_stop_n_shop_2, nicolae_transporter_intersection, uniq_amaemon
D:9:      layout_gridville, amcnicky_altar_gilded, kennysheep_little_box,
          fedhas_altar_2, erik_orc_1, kennysheep_just_a_vault
Temple:   nicolae_temple_little_seven

Skill      XL: |  1  2  3  4  5  6  7  8  9 |
---------------+----------------------------+-----
Fighting       | 2 3 4 5 7 9 10 | 10.0
Translocations | 4 5 6 7 8 |  8.3
Maces & Flails | |  1.7
Throwing       | |  0.8
Armour         | |  1.2
Dodging        | |  1.3
Spellcasting   | |  1.7

Action                     |  1- 3 |  4- 6 |  7- 9 || total
---------------------------+-------+-------+-------++-------
  Melee: Mace              |    97 |     1 |       ||    98
         Tailslap          |    10 |    20 |    60 ||    90
         Dagger            |       |   186 |   366 ||   552
         Punch             |       |       |     6 ||     6
  Throw: Dart              |       |     2 |       ||     2
   Cast: Teleport Other    |       |       |     3 ||     3
         Blink             |       |       |     1 ||     1
 Invoke: Heroism           |       |       |     2 ||     2
    Use: Scroll            |       |       |     9 ||     9
         Potion            |       |       |     2 ||     2
 Armour: Leather armour    |    62 |       |       ||    62
         Scale mail        |     1 |   132 |   363 ||   496
         Skin              |       |       |     5 ||     5
  Dodge: Dodged            |    52 |    58 |   132 ||   242
         Repelled          |       |     2 |     2 ||     4
